[ AOE2 MATCH · #483014041 ]
UnrankedVietnamese vs Hindustanis
Player's team · LOSS
[ REPLAY ANALYSIS · EXTRACTED FROM THE RECORDED GAME ]
Feudal
11:44
Castle
15:27
Imperial
35:51
| APM avg | 29.2 |
| APM peak | 75 |
| eAPM avg | 15.4 |
| Villagers / military | 89 / 71 |
Focus
⚔️ 30.4% · 🌾 69.6%
Spearman ×35 · Rattan Archer ×25 · Mangonel ×8 · Monk ×1 · Fire Lancer ×1 · Battering Ram ×1
Feudal
11:19
Castle
14:51
Imperial
31:13
| APM avg | 23.2 |
| APM peak | 56 |
| eAPM avg | 15.1 |
| Villagers / military | 147 / 164 |
Focus
⚔️ 36.0% · 🌾 64.0%
Camel Scout ×150 · Bombard Cannon ×12 · Monk ×1 · Mangonel ×1
Feudal
11:36
Castle
14:51
Imperial
34:57
| APM avg | 40.7 |
| APM peak | 87 |
| eAPM avg | 28.5 |
| Villagers / military | 257 / 193 |
Focus
⚔️ 42.2% · 🌾 57.8%
Knight ×188 · Trade Cart ×15 · Monk ×5
Feudal
10:56
Castle
14:54
Imperial
36:34
| APM avg | 29.0 |
| APM peak | 54 |
| eAPM avg | 18.4 |
| Villagers / military | 145 / 112 |
Focus
⚔️ 19.6% · 🌾 80.4%
Militia ×91 · Battering Ram ×14 · Warrior Priest ×5 · Mangonel ×2
Feudal
11:31
Castle
15:01
Imperial
36:35
| APM avg | 29.4 |
| APM peak | 84 |
| eAPM avg | 17.4 |
| Villagers / military | 131 / 158 |
Focus
⚔️ 32.3% · 🌾 67.7%
Spearman ×148 · Unknown (2550) ×45 · Petard ×10 · Unknown (1105) ×5
Feudal
12:18
Castle
17:28
Imperial
33:19
| APM avg | 18.6 |
| APM peak | 60 |
| eAPM avg | 13.2 |
| Villagers / military | 123 / 268 |
Focus
⚔️ 27.6% · 🌾 72.4%
Spearman ×190 · Boyar ×35 · Skirmisher ×33 · Mangonel ×5 · Trebuchet (Packed) ×5
Feudal
10:45
Castle
14:41
Imperial
30:46
| APM avg | 24.7 |
| APM peak | 66 |
| eAPM avg | 17.6 |
| Villagers / military | 111 / 206 |
Focus
⚔️ 40.7% · 🌾 59.3%
Scout Cavalry ×108 · Archer ×93 · Trebuchet (Packed) ×3 · Mangonel ×2
Feudal
10:35
Castle
14:07
Imperial
32:37
| APM avg | 23.0 |
| APM peak | 47 |
| eAPM avg | 17.8 |
| Villagers / military | 183 / 164 |
Focus
⚔️ 32.0% · 🌾 68.0%
Knight ×153 · Scout Cavalry ×11
Match map
Initial resources + every placement click. Lines = walls · curves = elevation contours. ◆ gold · ⬟ stone · ● berries · ✦ relic · ◌ wall gap
Your base· ✓ Closed at 15:27 · 0t walls · 2 gate(s)
野蛮农民's base· ✓ Closed at 14:51 · 0t walls · 2 gate(s)
My pronouns are Master/Sir/Daddy's base· ✓ Closed at 14:51 · 0t walls · 2 gate(s)
AI (HD Version)'s base· ✓ Closed at 14:54 · 0t walls · 3 gate(s)
cgan13289's base· ✓ Closed at 15:01 · 0t walls · 3 gate(s)
ants's base· ✓ Closed at 17:28 · 0t walls · 3 gate(s)
s.h.i.t's base· ✓ Closed at 14:41 · 0t walls · 2 gate(s)
c r v w l e y's base· ✓ Closed at 14:07 · 0t walls · 3 gate(s)
Smoothed initial terrain · ◌ = detected wall gap · hover for details
Inputs per minute
— chanakya - - 野蛮农民
Build order — chanakya
First 150 of 238 actions detected
| 0:01 | Create | Villager (Male) ×4 |
| 0:01 | Create | Villager (Male) ×4 |
| 0:03 | Build | House |
| 0:04 | Build | House |
| 1:34 | Create | Villager (Male) |
| 1:58 | Create | Villager (Male) |
| 2:21 | Build | Lumber Camp |
| 2:29 | Create | Villager (Male) |
| 2:54 | Create | Villager (Male) |
| 2:54 | Create | Villager (Male) |
| 3:13 | Create | Villager (Male) |
| 3:41 | Create | Villager (Male) |
| 3:58 | Build | House |
| 4:00 | Build | House |
| 4:11 | Create | Villager (Male) |
| 4:21 | Create | Villager (Male) |
| 4:33 | Create | Villager (Male) |
| 5:17 | Build | Mill |
| 5:24 | Create | Villager (Male) |
| 5:54 | Create | Villager (Male) |
| 5:54 | Create | Villager (Male) |
| 6:20 | Create | Villager (Male) |
| 7:15 | Create | Villager (Male) |
| 7:54 | Create | Villager (Male) |
| 8:01 | Build | Mill |
| 8:14 | Create | Villager (Male) |
| 8:23 | Build | Farm |
| 8:34 | Create | Villager (Male) |
| 8:50 | Build | Farm |
| 9:01 | Create | Villager (Male) |
| 9:02 | Research | Feudal Age |
| 9:33 | Build | Mining Camp |
| 9:57 | Create | Villager (Male) |
| 9:58 | Create | Villager (Male) |
| 10:00 | Build | House |
| 10:36 | Build | Farm |
| 11:44 | Age | Feudal Age |
| 11:55 | Build | Market |
| 12:06 | Build | Blacksmith |
| 12:25 | Build | Mining Camp |
| 12:47 | Research | Castle Age |
| 13:07 | Build | Barracks |
| 13:15 | Create | Villager (Male) |
| 13:15 | Create | Villager (Male) |
| 13:24 | Build | House |
| 14:01 | Create | Spearman |
| 14:01 | Create | Spearman |
| 14:16 | Build | Outpost |
| 14:44 | Create | Spearman |
| 15:27 | Age | Castle Age |
| 15:29 | Create | Fire Lancer |
| 15:45 | Research | Loom |
| 16:09 | Build | Castle |
| 16:14 | Build | Mining Camp |
| 16:27 | Research | Double-Bit Axe |
| 16:27 | Build | Farm |
| 16:31 | Build | Farm |
| 16:37 | Build | Farm |
| 16:38 | Create | Villager (Male) |
| 16:41 | Create | Villager (Male) |
| 17:27 | Create | Villager (Male) |
| 17:39 | Create | Rattan Archer |
| 17:39 | Create | Rattan Archer |
| 17:39 | Create | Rattan Archer |
| 17:40 | Create | Rattan Archer |
| 17:42 | Create | Villager (Male) |
| 18:25 | Create | Rattan Archer |
| 18:25 | Create | Villager (Male) |
| 18:25 | Create | Villager (Male) |
| 18:26 | Create | Villager (Male) |
| 18:51 | Create | Rattan Archer |
| 18:51 | Create | Rattan Archer |
| 18:55 | Research | Fletching |
| 19:37 | Create | Rattan Archer |
| 19:37 | Create | Villager (Male) |
| 19:38 | Create | Villager (Male) |
| 19:59 | Build | Siege Workshop |
| 20:01 | Create | Villager (Male) |
| 20:03 | Build | Farm |
| 20:09 | Build | Farm |
| 20:09 | Build | Farm |
| 20:10 | Build | Farm |
| 20:10 | Build | Farm |
| 20:41 | Create | Mangonel |
| 20:42 | Create | Villager (Male) |
| 20:50 | Create | Rattan Archer |
| 21:03 | Create | Villager (Male) |
| 21:06 | Build | Farm |
| 21:19 | Create | Mangonel |
| 21:30 | Create | Villager (Male) |
| 22:03 | Create | Mangonel |
| 22:04 | Create | Villager (Male) |
| 22:19 | Create | Battering Ram |
| 22:29 | Create | Villager (Male) |
| 22:34 | Build | Farm |
| 22:34 | Build | Farm |
| 22:34 | Build | Farm |
| 22:35 | Build | Farm |
| 22:35 | Build | Farm |
| 22:39 | Research | Horse Collar |
| 22:41 | Create | Villager (Male) |
| 23:04 | Create | Villager (Male) |
| 23:13 | Create | Mangonel |
| 23:16 | Build | Farm |
| 24:00 | Create | Rattan Archer |
| 24:00 | Create | Rattan Archer |
| 24:01 | Create | Rattan Archer |
| 24:02 | Create | Villager (Male) |
| 24:02 | Create | Villager (Male) |
| 24:03 | Create | Villager (Male) |
| 24:18 | Create | Villager (Male) |
| 24:21 | Create | Mangonel |
| 24:22 | Create | Villager (Male) |
| 24:24 | Create | Rattan Archer |
| 24:25 | Create | Villager (Male) |
| 24:54 | Create | Rattan Archer |
| 24:54 | Create | Rattan Archer |
| 25:18 | Create | Villager (Male) |
| 25:20 | Build | House |
| 25:21 | Build | House |
| 25:22 | Build | House |
| 25:23 | Create | Villager (Male) |
| 25:30 | Research | Wheelbarrow |
| 25:40 | Create | Villager (Male) |
| 25:52 | Build | Monastery |
| 25:55 | Create | Villager (Male) |
| 26:09 | Create | Villager (Male) |
| 26:14 | Create | Mangonel |
| 26:16 | Build | Farm |
| 26:35 | Create | Monk |
| 26:58 | Create | Villager (Male) |
| 27:00 | Research | Hand Cart |
| 27:03 | Build | House |
| 27:05 | Build | House |
| 27:07 | Build | House |
| 27:10 | Build | House |
| 27:10 | Build | House |
| 27:10 | Build | House |
| 27:27 | Create | Mangonel |
| 27:53 | Build | House |
| 27:58 | Create | Rattan Archer |
| 27:59 | Create | Rattan Archer |
| 27:59 | Create | Rattan Archer |
| 28:10 | Create | Rattan Archer |
| 28:28 | Create | Rattan Archer |
| 28:30 | Create | Villager (Male) |
| 28:30 | Create | Villager (Male) |
| 28:30 | Create | Villager (Male) |
| 28:39 | Build | House |
| 28:50 | Build | Lumber Camp |
Build order — 野蛮农民
First 150 of 489 actions detected
| 0:13 | Create | Villager (Male) |
| 0:13 | Create | Villager (Male) |
| 0:13 | Create | Villager (Male) |
| 0:14 | Create | Villager (Male) |
| 0:15 | Build | House |
| 0:17 | Build | House |
| 1:29 | Create | Villager (Male) |
| 1:49 | Create | Villager (Male) |
| 2:05 | Build | Lumber Camp |
| 2:35 | Create | Villager (Male) |
| 2:36 | Create | Villager (Male) |
| 3:13 | Create | Villager (Male) |
| 3:32 | Create | Villager (Male) |
| 3:37 | Build | House |
| 3:38 | Build | House |
| 3:40 | Build | House |
| 3:56 | Create | Villager (Male) |
| 3:56 | Create | Villager (Male) |
| 4:32 | Create | Villager (Male) |
| 4:32 | Create | Villager (Male) |
| 4:51 | Build | Mill |
| 5:03 | Create | Villager (Male) |
| 5:44 | Create | Villager (Male) |
| 5:44 | Create | Villager (Male) |
| 6:29 | Build | Farm |
| 6:34 | Build | Farm |
| 6:39 | Create | Villager (Male) |
| 6:39 | Create | Villager (Male) |
| 6:40 | Create | Villager (Male) |
| 7:20 | Create | Villager (Male) |
| 7:55 | Create | Villager (Male) |
| 7:59 | Build | Farm |
| 8:25 | Build | Mining Camp |
| 8:29 | Create | Villager (Male) |
| 8:31 | Research | Feudal Age |
| 9:34 | Build | Mill |
| 10:50 | Create | Villager (Male) |
| 10:51 | Create | Villager (Male) |
| 11:19 | Age | Feudal Age |
| 11:21 | Build | Market |
| 11:30 | Build | Blacksmith |
| 12:11 | Research | Castle Age |
| 12:11 | Research | Castle Age |
| 12:19 | Build | House |
| 12:21 | Build | House |
| 12:26 | Research | Double-Bit Axe |
| 13:25 | Research | Horse Collar |
| 14:38 | Create | Villager (Male) |
| 14:38 | Create | Villager (Male) |
| 14:51 | Age | Castle Age |
| 14:58 | Build | Town Center |
| 15:03 | Build | Town Center |
| 15:14 | Create | Villager (Male) |
| 15:18 | Research | Bow Saw |
| 15:42 | Build | Farm |
| 15:49 | Create | Villager (Male) |
| 16:01 | Create | Villager (Male) |
| 16:06 | Build | Farm |
| 16:25 | Build | Farm |
| 16:33 | Create | Villager (Male) |
| 16:37 | Build | Farm |
| 16:39 | Create | Villager (Male) |
| 16:40 | Create | Villager (Male) |
| 16:41 | Create | Villager (Male) |
| 16:41 | Create | Villager (Male) |
| 17:04 | Build | Monastery |
| 17:09 | Build | Farm |
| 17:12 | Create | Villager (Male) |
| 17:12 | Create | Villager (Male) |
| 17:12 | Create | Villager (Male) |
| 17:17 | Build | Farm |
| 17:21 | Build | Farm |
| 17:28 | Build | Farm |
| 17:34 | Build | House |
| 17:35 | Build | House |
| 17:36 | Build | House |
| 17:39 | Build | House |
| 17:40 | Create | Villager (Male) |
| 17:40 | Create | Villager (Male) |
| 17:41 | Create | Villager (Male) |
| 17:47 | Build | Farm |
| 17:50 | Create | Monk |
| 18:01 | Build | Farm |
| 18:03 | Create | Villager (Male) |
| 18:04 | Create | Villager (Male) |
| 18:09 | Build | Farm |
| 18:13 | Build | Farm |
| 18:15 | Build | Farm |
| 18:18 | Build | Farm |
| 18:19 | Create | Villager (Male) |
| 18:20 | Create | Villager (Male) |
| 18:48 | Create | Villager (Male) |
| 18:48 | Create | Villager (Male) |
| 18:48 | Create | Villager (Male) |
| 18:52 | Build | Farm |
| 19:11 | Build | Barracks |
| 19:19 | Build | Farm |
| 19:35 | Create | Villager (Male) |
| 19:35 | Create | Villager (Male) |
| 19:35 | Create | Villager (Male) |
| 19:36 | Create | Villager (Male) |
| 19:36 | Create | Villager (Male) |
| 19:36 | Create | Villager (Male) |
| 19:36 | Create | Villager (Male) |
| 19:38 | Create | Villager (Male) |
| 19:38 | Create | Villager (Male) |
| 19:44 | Build | Town Center |
| 20:04 | Build | Siege Workshop |
| 20:15 | Build | Farm |
| 20:17 | Create | Villager (Male) |
| 20:18 | Create | Villager (Male) |
| 20:28 | Create | Villager (Male) |
| 20:29 | Create | Villager (Male) |
| 20:32 | Build | Farm |
| 20:36 | Build | Farm |
| 20:37 | Build | Farm |
| 20:38 | Build | Farm |
| 20:44 | Build | House |
| 20:45 | Build | House |
| 20:46 | Build | House |
| 20:47 | Build | House |
| 20:50 | Create | Villager (Male) |
| 20:55 | Research | Wheelbarrow |
| 20:58 | Build | Farm |
| 21:12 | Create | Mangonel |
| 21:16 | Create | Villager (Male) |
| 21:16 | Create | Villager (Male) |
| 21:17 | Create | Villager (Male) |
| 21:17 | Create | Villager (Male) |
| 21:24 | Build | Farm |
| 21:28 | Create | Villager (Male) |
| 21:29 | Create | Villager (Male) |
| 21:31 | Create | Villager (Male) |
| 21:48 | Research | Heavy Plow |
| 21:48 | Research | Heavy Plow |
| 21:53 | Build | Farm |
| 21:54 | Build | Farm |
| 21:55 | Build | Farm |
| 21:56 | Build | Farm |
| 22:07 | Create | Villager (Male) |
| 22:08 | Create | Villager (Male) |
| 22:08 | Create | Villager (Male) |
| 22:08 | Create | Villager (Male) |
| 22:16 | Build | Farm |
| 22:17 | Build | Farm |
| 22:18 | Build | Farm |
| 22:20 | Create | Villager (Male) |
| 22:21 | Create | Villager (Male) |
| 22:21 | Create | Villager (Male) |
| 22:21 | Create | Villager (Male) |
Build order — My pronouns are Master/Sir/Daddy
First 150 of 530 actions detected
| 0:00 | Create | Villager (Male) |
| 0:00 | Create | Villager (Male) |
| 0:01 | Create | Villager (Male) |
| 0:02 | Build | House |
| 0:03 | Build | House |
| 0:04 | Create | Villager (Male) |
| 0:04 | Create | Villager (Male) |
| 0:04 | Create | Villager (Male) |
| 1:18 | Create | Villager (Male) |
| 1:18 | Create | Villager (Male) |
| 1:43 | Create | Villager (Male) |
| 1:44 | Create | Villager (Male) |
| 2:19 | Create | Villager (Male) |
| 2:19 | Create | Villager (Male) |
| 2:51 | Create | Villager (Male) |
| 2:51 | Create | Villager (Male) |
| 2:55 | Build | House |
| 2:58 | Build | House |
| 3:04 | Create | Villager (Male) |
| 3:05 | Create | Villager (Male) |
| 3:28 | Create | Villager (Male) |
| 3:28 | Create | Villager (Male) |
| 3:49 | Create | Villager (Male) |
| 3:49 | Create | Villager (Male) |
| 4:03 | Build | Lumber Camp |
| 4:22 | Create | Villager (Male) |
| 4:55 | Create | Villager (Male) |
| 4:56 | Create | Villager (Male) |
| 5:07 | Create | Villager (Male) |
| 5:07 | Create | Villager (Male) |
| 5:18 | Create | Villager (Male) |
| 5:18 | Create | Villager (Male) |
| 5:31 | Create | Villager (Male) |
| 5:31 | Create | Villager (Male) |
| 5:47 | Build | Mill |
| 5:57 | Create | Villager (Male) |
| 5:57 | Create | Villager (Male) |
| 5:57 | Create | Villager (Male) |
| 6:11 | Create | Villager (Male) |
| 6:11 | Create | Villager (Male) |
| 6:12 | Create | Villager (Male) |
| 6:35 | Create | Villager (Male) |
| 6:36 | Create | Villager (Male) |
| 6:36 | Create | Villager (Male) |
| 6:53 | Build | House |
| 7:10 | Create | Villager (Male) |
| 7:10 | Create | Villager (Male) |
| 7:40 | Create | Villager (Male) |
| 7:40 | Create | Villager (Male) |
| 7:40 | Create | Villager (Male) |
| 8:33 | Create | Villager (Male) |
| 8:33 | Create | Villager (Male) |
| 8:58 | Build | Mining Camp |
| 9:01 | Research | Feudal Age |
| 9:42 | Build | House |
| 11:09 | Build | House |
| 11:22 | Create | Villager (Male) |
| 11:23 | Create | Villager (Male) |
| 11:36 | Age | Feudal Age |
| 11:40 | Build | Blacksmith |
| 11:47 | Build | Market |
| 12:26 | Research | Castle Age |
| 12:26 | Research | Castle Age |
| 12:58 | Research | Double-Bit Axe |
| 13:47 | Research | Horse Collar |
| 13:52 | Build | Farm |
| 13:53 | Build | Farm |
| 13:53 | Build | Farm |
| 13:54 | Build | Farm |
| 14:31 | Build | Farm |
| 14:32 | Build | Farm |
| 14:41 | Research | Loom |
| 14:51 | Age | Castle Age |
| 14:53 | Build | Monastery |
| 15:03 | Create | Villager (Male) |
| 15:30 | Create | Villager (Male) |
| 15:34 | Create | Monk |
| 15:34 | Create | Monk |
| 15:37 | Create | Villager (Male) |
| 15:37 | Create | Villager (Male) |
| 15:37 | Create | Villager (Male) |
| 15:49 | Build | Town Center |
| 16:00 | Build | Farm |
| 16:01 | Build | Farm |
| 16:03 | Build | Farm |
| 16:13 | Build | Farm |
| 16:14 | Build | Farm |
| 16:15 | Create | Villager (Male) |
| 16:15 | Create | Villager (Male) |
| 16:25 | Build | House |
| 16:26 | Build | House |
| 16:26 | Build | House |
| 16:27 | Create | Villager (Male) |
| 16:27 | Create | Villager (Male) |
| 16:28 | Create | Villager (Male) |
| 16:39 | Create | Villager (Male) |
| 16:53 | Create | Villager (Male) |
| 16:53 | Create | Villager (Male) |
| 16:55 | Create | Villager (Male) |
| 16:55 | Create | Villager (Male) |
| 17:02 | Create | Villager (Male) |
| 17:02 | Create | Villager (Male) |
| 17:11 | Build | Farm |
| 17:13 | Build | Farm |
| 17:14 | Build | Farm |
| 17:24 | Create | Villager (Male) |
| 17:24 | Create | Villager (Male) |
| 17:25 | Create | Villager (Male) |
| 17:36 | Create | Monk |
| 17:48 | Create | Villager (Male) |
| 18:00 | Build | Town Center |
| 18:02 | Create | Villager (Male) |
| 18:03 | Create | Villager (Male) |
| 18:03 | Create | Villager (Male) |
| 18:05 | Build | House |
| 18:05 | Build | House |
| 18:06 | Build | House |
| 18:07 | Build | House |
| 18:10 | Create | Villager (Male) |
| 18:10 | Create | Villager (Male) |
| 18:18 | Create | Villager (Male) |
| 18:18 | Create | Villager (Male) |
| 18:18 | Create | Villager (Male) |
| 18:35 | Build | Farm |
| 18:36 | Build | Farm |
| 18:37 | Build | Farm |
| 18:37 | Build | Farm |
| 18:37 | Build | Farm |
| 18:38 | Build | Farm |
| 18:40 | Create | Villager (Male) |
| 18:54 | Create | Villager (Male) |
| 18:54 | Create | Villager (Male) |
| 19:00 | Create | Villager (Male) |
| 19:01 | Create | Villager (Male) |
| 19:20 | Create | Villager (Male) |
| 19:21 | Create | Villager (Male) |
| 19:21 | Create | Villager (Male) |
| 19:44 | Create | Villager (Male) |
| 19:44 | Create | Villager (Male) |
| 19:44 | Create | Villager (Male) |
| 20:02 | Build | Mining Camp |
| 20:04 | Create | Villager (Male) |
| 20:04 | Create | Villager (Male) |
| 20:04 | Create | Villager (Male) |
| 20:28 | Create | Villager (Male) |
| 20:28 | Create | Villager (Male) |
| 20:29 | Create | Villager (Male) |
| 20:29 | Create | Villager (Male) |
| 21:09 | Create | Villager (Male) |
| 21:10 | Create | Villager (Male) |
Build order — AI (HD Version)
First 150 of 386 actions detected
| 0:01 | Create | Villager (Male) |
| 0:01 | Create | Villager (Male) |
| 0:01 | Create | Villager (Male) |
| 0:02 | Build | House |
| 0:05 | Build | House |
| 0:57 | Create | Villager (Male) |
| 1:34 | Create | Villager (Male) |
| 1:43 | Build | Mule Cart |
| 1:58 | Create | Villager (Male) |
| 2:17 | Create | Villager (Male) |
| 2:43 | Create | Villager (Male) |
| 3:08 | Create | Villager (Male) |
| 3:25 | Build | Mule Cart |
| 3:42 | Create | Villager (Male) |
| 4:04 | Create | Villager (Male) |
| 4:17 | Build | House |
| 4:24 | Create | Villager (Male) |
| 4:44 | Create | Villager (Male) |
| 4:46 | Build | House |
| 4:48 | Build | House |
| 5:05 | Create | Villager (Male) |
| 5:28 | Create | Villager (Male) |
| 5:30 | Build | Mill |
| 5:58 | Create | Villager (Male) |
| 6:03 | Create | Villager (Male) |
| 6:20 | Create | Villager (Male) |
| 7:10 | Create | Villager (Male) |
| 7:48 | Create | Villager (Male) |
| 8:18 | Create | Villager (Male) |
| 8:25 | Build | Mule Cart |
| 8:43 | Research | Feudal Age |
| 9:56 | Build | House |
| 10:47 | Build | Farm |
| 10:49 | Build | Farm |
| 10:51 | Build | Farm |
| 10:54 | Create | Villager (Male) |
| 10:54 | Create | Villager (Male) |
| 10:54 | Create | Villager (Male) |
| 10:56 | Age | Feudal Age |
| 10:57 | Build | Blacksmith |
| 11:04 | Build | Market |
| 12:14 | Research | Castle Age |
| 12:17 | Build | House |
| 12:18 | Build | House |
| 12:44 | Research | Double-Bit Axe |
| 12:51 | Build | House |
| 12:57 | Build | Farm |
| 12:59 | Build | Farm |
| 13:03 | Research | Horse Collar |
| 13:55 | Build | House |
| 13:56 | Build | House |
| 14:38 | Build | House |
| 14:50 | Research | Loom |
| 14:51 | Create | Villager (Male) |
| 14:52 | Create | Villager (Male) |
| 14:54 | Age | Castle Age |
| 14:56 | Build | Monastery |
| 15:01 | Research | Bow Saw |
| 15:05 | Build | Town Center |
| 15:21 | Create | Warrior Priest |
| 15:21 | Create | Warrior Priest |
| 15:41 | Build | Town Center |
| 15:45 | Build | Farm |
| 15:46 | Build | Farm |
| 15:52 | Create | Villager (Male) |
| 16:08 | Create | Warrior Priest |
| 16:14 | Create | Villager (Male) |
| 16:17 | Build | Farm |
| 16:33 | Create | Villager (Male) |
| 16:47 | Create | Warrior Priest |
| 17:04 | Build | Farm |
| 17:08 | Build | House |
| 17:10 | Build | House |
| 17:12 | Create | Villager (Male) |
| 17:16 | Build | Farm |
| 17:17 | Build | Farm |
| 17:49 | Create | Villager (Male) |
| 17:49 | Create | Villager (Male) |
| 17:53 | Build | Siege Workshop |
| 18:22 | Create | Villager (Male) |
| 18:23 | Create | Villager (Male) |
| 18:26 | Build | Farm |
| 18:50 | Create | Villager (Male) |
| 18:51 | Create | Villager (Male) |
| 18:52 | Create | Mangonel |
| 18:55 | Build | Farm |
| 18:56 | Build | Farm |
| 19:03 | Create | Villager (Male) |
| 19:27 | Create | Villager (Male) |
| 19:30 | Create | Battering Ram |
| 19:32 | Create | Villager (Male) |
| 19:37 | Build | Farm |
| 19:44 | Create | Villager (Male) |
| 19:49 | Create | Battering Ram |
| 19:52 | Create | Villager (Male) |
| 20:01 | Build | Farm |
| 20:21 | Create | Villager (Male) |
| 20:23 | Build | Farm |
| 20:24 | Create | Villager (Male) |
| 20:27 | Create | Battering Ram |
| 20:38 | Create | Villager (Male) |
| 20:43 | Create | Villager (Male) |
| 20:49 | Build | Farm |
| 20:52 | Create | Villager (Male) |
| 20:53 | Create | Battering Ram |
| 21:06 | Create | Villager (Male) |
| 21:09 | Build | Mule Cart |
| 21:11 | Build | Farm |
| 21:12 | Create | Villager (Male) |
| 21:16 | Build | Farm |
| 21:17 | Build | Mule Cart |
| 21:29 | Create | Villager (Male) |
| 21:37 | Create | Villager (Male) |
| 21:40 | Build | Farm |
| 21:57 | Create | Villager (Male) |
| 21:59 | Create | Battering Ram |
| 22:02 | Create | Villager (Male) |
| 22:08 | Build | Barracks |
| 22:09 | Create | Villager (Male) |
| 22:11 | Build | Farm |
| 22:22 | Create | Villager (Male) |
| 22:47 | Create | Villager (Male) |
| 22:48 | Create | Villager (Male) |
| 22:50 | Build | Farm |
| 22:52 | Build | Farm |
| 22:54 | Create | Villager (Male) |
| 22:55 | Create | Villager (Male) |
| 22:58 | Create | Battering Ram |
| 23:04 | Create | Villager (Male) |
| 23:07 | Create | Villager (Male) |
| 23:11 | Build | Barracks |
| 23:14 | Build | Farm |
| 23:28 | Create | Villager (Male) |
| 23:29 | Create | Villager (Male) |
| 23:31 | Create | Villager (Male) |
| 23:45 | Create | Villager (Male) |
| 23:46 | Create | Villager (Male) |
| 23:47 | Build | Farm |
| 23:51 | Build | Farm |
| 23:56 | Build | Mill |
| 23:57 | Create | Villager (Male) |
| 24:00 | Build | House |
| 24:01 | Build | House |
| 24:01 | Build | House |
| 24:14 | Research | Man-at-Arms (upgrade) |
| 24:21 | Create | Villager (Male) |
| 24:25 | Build | Barracks |
| 24:38 | Research | Scale Mail Armor |
| 24:42 | Build | House |
| 24:44 | Build | House |
Build order — cgan13289
First 150 of 356 actions detected
| 0:00 | Create | Villager (Male) |
| 0:01 | Create | Villager (Male) |
| 0:02 | Build | House |
| 0:28 | Create | Villager (Male) |
| 0:28 | Create | Villager (Male) |
| 1:11 | Create | Villager (Male) |
| 1:11 | Create | Villager (Male) |
| 1:52 | Build | Settlement |
| 2:00 | Build | Settlement |
| 2:05 | Create | Villager (Male) |
| 2:28 | Create | Villager (Male) |
| 3:06 | Create | Villager (Male) |
| 3:06 | Create | Villager (Male) |
| 3:33 | Create | Villager (Male) |
| 4:01 | Create | Villager (Male) |
| 4:37 | Create | Villager (Male) |
| 4:38 | Create | Villager (Male) |
| 4:48 | Build | Settlement |
| 5:34 | Create | Villager (Male) |
| 5:34 | Create | Villager (Male) |
| 5:44 | Build | Settlement |
| 6:03 | Create | Villager (Male) |
| 6:03 | Create | Villager (Male) |
| 7:11 | Create | Villager (Male) |
| 7:32 | Create | Villager (Male) |
| 7:37 | Build | Farm |
| 7:42 | Build | Farm |
| 7:44 | Create | Villager (Male) |
| 8:09 | Build | Farm |
| 8:23 | Create | Villager (Male) |
| 8:53 | Research | Feudal Age |
| 8:55 | Create | Villager (Male) |
| 8:56 | Create | Villager (Male) |
| 9:20 | Research | Feudal Age |
| 9:37 | Create | Villager (Male) |
| 9:37 | Create | Villager (Male) |
| 10:04 | Build | Barracks |
| 10:20 | Build | Farm |
| 11:31 | Age | Feudal Age |
| 11:32 | Build | Blacksmith |
| 11:35 | Build | Market |
| 12:20 | Research | Castle Age |
| 12:20 | Research | Castle Age |
| 12:30 | Build | Farm |
| 12:49 | Research | Double-Bit Axe |
| 12:52 | Create | Unit 2550 |
| 12:56 | Build | Farm |
| 13:00 | Build | Farm |
| 13:13 | Build | Farm |
| 13:22 | Create | Unit 2550 |
| 13:24 | Research | Tech 1402 |
| 13:40 | Create | Villager (Male) |
| 13:46 | Research | Gold Mining |
| 14:00 | Create | Unit 2550 |
| 14:00 | Create | Unit 2550 |
| 14:29 | Build | Barracks |
| 14:32 | Create | Unit 2550 |
| 14:41 | Create | Villager (Male) |
| 14:43 | Research | Loom |
| 14:46 | Research | Town Watch |
| 15:01 | Age | Castle Age |
| 15:07 | Build | Siege Workshop |
| 15:11 | Create | Villager (Male) |
| 15:35 | Research | Horse Collar |
| 15:45 | Create | Villager (Male) |
| 15:51 | Research | Tech 1351 |
| 15:59 | Create | Villager (Male) |
| 16:28 | Create | Villager (Male) |
| 16:34 | Create | Unit 1105 |
| 16:50 | Create | Unit 1105 |
| 16:53 | Create | Villager (Male) |
| 17:11 | Create | Villager (Male) |
| 17:16 | Build | Farm |
| 17:35 | Create | Villager (Male) |
| 17:42 | Build | Farm |
| 17:45 | Create | Unit 2550 ×2 |
| 17:45 | Create | Unit 2550 ×2 |
| 17:57 | Build | Farm |
| 18:00 | Create | Unit 2550 ×2 |
| 18:06 | Build | Farm |
| 18:17 | Build | House |
| 18:22 | Research | Scale Mail Armor |
| 18:31 | Research | Loom |
| 18:37 | Build | Farm |
| 18:42 | Create | Villager (Male) |
| 19:04 | Research | Chain Mail Armor |
| 19:13 | Create | Villager (Male) |
| 19:40 | Create | Villager (Male) |
| 19:40 | Create | Villager (Male) |
| 19:42 | Build | Farm |
| 20:03 | Create | Unit 2550 ×4 |
| 20:24 | Create | Villager (Male) |
| 20:28 | Create | Unit 2550 |
| 20:47 | Create | Villager (Male) |
| 20:47 | Create | Villager (Male) |
| 20:49 | Build | Farm |
| 21:13 | Create | Villager (Male) |
| 21:19 | Build | House |
| 21:20 | Build | House |
| 21:42 | Build | Farm |
| 22:02 | Build | Town Center |
| 22:03 | Create | Villager (Male) |
| 22:17 | Build | Farm |
| 22:22 | Build | House |
| 22:22 | Build | House |
| 22:35 | Create | Villager (Male) |
| 22:39 | Build | Farm |
| 22:51 | Create | Unit 1105 |
| 22:54 | Create | Villager (Male) |
| 23:01 | Create | Unit 2550 ×2 |
| 23:18 | Create | Villager (Male) |
| 23:19 | Create | Villager (Male) |
| 23:20 | Research | Wheelbarrow |
| 23:21 | Create | Villager (Male) |
| 23:21 | Create | Villager (Male) |
| 23:39 | Create | Unit 2550 ×5 |
| 23:40 | Create | Unit 2550 ×2 |
| 23:40 | Create | Unit 2550 ×2 |
| 23:44 | Research | Squires |
| 23:56 | Create | Villager (Male) |
| 23:58 | Build | Farm |
| 24:07 | Create | Villager (Male) |
| 24:08 | Create | Villager (Male) |
| 24:23 | Create | Unit 2550 ×3 |
| 24:30 | Create | Villager (Male) |
| 24:35 | Create | Villager (Male) |
| 24:36 | Create | Villager (Male) |
| 24:43 | Create | Unit 2550 ×3 |
| 24:47 | Build | Barracks |
| 25:05 | Create | Villager (Male) |
| 25:06 | Build | Farm |
| 25:25 | Create | Villager (Male) |
| 25:31 | Create | Unit 2550 ×4 |
| 25:43 | Create | Villager (Male) |
| 25:45 | Build | Farm |
| 25:46 | Build | Farm |
| 25:59 | Create | Villager (Male) |
| 26:04 | Create | Unit 2550 ×4 |
| 26:08 | Create | Villager (Male) |
| 26:30 | Create | Villager (Male) |
| 26:30 | Create | Villager (Male) |
| 26:30 | Create | Villager (Male) |
| 26:35 | Build | Settlement |
| 26:57 | Create | Villager (Male) |
| 26:57 | Create | Villager (Male) |
| 27:01 | Create | Unit 2550 ×3 |
| 27:13 | Create | Villager (Male) |
| 27:14 | Create | Villager (Male) |
| 27:22 | Build | Town Center |
| 27:26 | Create | Villager (Male) ×2 |
Build order — ants
First 150 of 289 actions detected
| 0:02 | Create | Villager (Male) ×4 |
| 0:02 | Create | Villager (Male) ×4 |
| 0:04 | Build | House |
| 0:05 | Build | House |
| 1:29 | Create | Villager (Male) |
| 2:01 | Create | Villager (Male) |
| 2:02 | Create | Villager (Male) |
| 2:19 | Create | Villager (Male) |
| 2:50 | Create | Villager (Male) |
| 3:07 | Create | Villager (Male) |
| 3:37 | Build | House |
| 3:39 | Build | House |
| 3:44 | Build | Mining Camp |
| 3:48 | Create | Villager (Male) |
| 3:58 | Build | Mill |
| 4:01 | Create | Villager (Male) |
| 4:30 | Create | Villager (Male) |
| 4:53 | Create | Villager (Male) |
| 5:10 | Create | Villager (Male) |
| 5:49 | Create | Villager (Male) |
| 6:02 | Build | Lumber Camp |
| 6:05 | Create | Villager (Male) |
| 6:35 | Create | Villager (Male) |
| 6:35 | Create | Villager (Male) |
| 6:48 | Create | Villager (Male) |
| 7:18 | Create | Villager (Male) |
| 7:28 | Create | Villager (Male) |
| 7:37 | Build | House |
| 7:38 | Build | House |
| 7:40 | Build | House |
| 7:47 | Create | Villager (Male) |
| 8:04 | Create | Villager (Male) |
| 9:06 | Create | Villager (Male) |
| 9:35 | Create | Villager (Male) |
| 10:08 | Research | Feudal Age |
| 11:09 | Create | Villager (Male) ×5 |
| 12:18 | Age | Feudal Age |
| 12:24 | Build | Market |
| 12:37 | Create | Villager (Male) |
| 12:40 | Research | Horse Collar |
| 12:58 | Build | Farm |
| 12:59 | Build | Farm |
| 13:00 | Build | Farm |
| 13:01 | Build | Farm |
| 13:02 | Build | Farm |
| 13:04 | Build | Farm |
| 13:06 | Build | Farm |
| 13:13 | Build | Blacksmith |
| 14:25 | Build | Mining Camp |
| 14:47 | Research | Castle Age |
| 15:24 | Create | Villager (Male) |
| 15:24 | Create | Villager (Male) |
| 15:56 | Build | House |
| 15:58 | Build | House |
| 15:59 | Build | House |
| 16:00 | Build | House |
| 16:01 | Build | House |
| 16:11 | Research | Double-Bit Axe |
| 16:26 | Research | Stone Mining |
| 16:39 | Create | Villager (Male) |
| 17:03 | Create | Villager (Male) |
| 17:28 | Age | Castle Age |
| 17:32 | Build | Siege Workshop |
| 17:41 | Create | Villager (Male) |
| 18:00 | Build | Town Center |
| 18:07 | Create | Villager (Male) |
| 18:14 | Create | Mangonel |
| 18:15 | Create | Mangonel |
| 18:27 | Build | Town Center |
| 18:32 | Create | Villager (Male) |
| 18:59 | Build | Town Center |
| 19:03 | Create | Villager (Male) ×3 |
| 20:20 | Build | Castle |
| 20:26 | Create | Villager (Male) ×4 |
| 21:07 | Create | Mangonel |
| 21:11 | Build | Farm |
| 21:13 | Build | Farm |
| 21:14 | Build | Farm |
| 21:15 | Build | Farm |
| 21:16 | Build | Farm |
| 21:18 | Build | Farm |
| 21:19 | Build | Farm |
| 21:20 | Build | Farm |
| 21:27 | Create | Villager (Male) ×3 |
| 21:35 | Create | Villager (Male) |
| 22:24 | Create | Villager (Male) |
| 22:25 | Create | Villager (Male) |
| 22:32 | Build | Farm |
| 22:33 | Build | Farm |
| 22:34 | Build | Farm |
| 22:36 | Build | Farm |
| 22:37 | Build | Farm |
| 22:38 | Build | Farm |
| 22:39 | Build | Farm |
| 22:40 | Build | Farm |
| 22:47 | Create | Villager (Male) |
| 22:47 | Create | Villager (Male) |
| 22:58 | Create | Villager (Male) |
| 22:59 | Create | Villager (Male) |
| 23:29 | Create | Boyar ×2 |
| 23:34 | Create | Boyar |
| 23:39 | Build | Farm |
| 23:40 | Build | Farm |
| 23:41 | Build | Farm |
| 23:42 | Build | Farm |
| 23:44 | Build | Farm |
| 23:49 | Create | Villager (Male) |
| 23:50 | Create | Villager (Male) |
| 23:52 | Create | Villager (Male) |
| 24:00 | Create | Villager (Male) |
| 24:29 | Research | Tech 455 |
| 24:34 | Build | Farm |
| 24:36 | Build | Farm |
| 24:37 | Build | Farm |
| 24:38 | Build | Farm |
| 24:41 | Create | Villager (Male) |
| 24:42 | Create | Villager (Male) |
| 24:42 | Create | Villager (Male) |
| 24:44 | Create | Villager (Male) |
| 24:45 | Create | Villager (Male) |
| 24:45 | Create | Villager (Male) |
| 24:47 | Create | Villager (Male) |
| 24:52 | Create | Villager (Male) |
| 26:01 | Create | Villager (Male) ×5 |
| 26:07 | Create | Villager (Male) |
| 26:07 | Create | Villager (Male) |
| 26:09 | Create | Villager (Male) |
| 26:09 | Create | Villager (Male) |
| 26:13 | Create | Villager (Male) ×4 |
| 26:13 | Create | Villager (Male) ×4 |
| 26:16 | Create | Villager (Male) |
| 26:16 | Create | Villager (Male) |
| 26:35 | Create | Boyar ×2 |
| 26:38 | Build | Farm |
| 26:41 | Create | Villager (Male) |
| 26:41 | Create | Villager (Male) |
| 27:07 | Create | Boyar ×4 |
| 27:14 | Build | Mill |
| 27:15 | Build | Farm |
| 27:16 | Build | Farm |
| 27:17 | Build | Farm |
| 27:18 | Build | Farm |
| 27:20 | Build | Farm |
| 27:21 | Build | Farm |
| 27:22 | Build | Farm |
| 27:26 | Create | Villager (Male) |
| 27:26 | Create | Villager (Male) |
| 27:28 | Create | Villager (Male) |
| 27:28 | Create | Villager (Male) |
| 27:36 | Build | House |
Build order — s.h.i.t
First 150 of 485 actions detected
| 0:01 | Create | Villager (Male) |
| 0:01 | Create | Villager (Male) |
| 0:01 | Create | Villager (Male) |
| 0:02 | Create | Villager (Male) |
| 0:03 | Build | House |
| 0:06 | Build | House |
| 1:43 | Create | Villager (Male) |
| 1:43 | Create | Villager (Male) |
| 2:10 | Create | Villager (Male) |
| 2:10 | Create | Villager (Male) |
| 2:16 | Build | Lumber Camp |
| 2:26 | Create | Villager (Male) |
| 2:27 | Create | Villager (Male) |
| 2:55 | Create | Villager (Male) |
| 2:55 | Create | Villager (Male) |
| 3:32 | Create | Villager (Male) |
| 3:32 | Create | Villager (Male) |
| 3:38 | Build | House |
| 3:39 | Build | House |
| 4:03 | Create | Villager (Male) |
| 4:04 | Create | Villager (Male) |
| 4:04 | Create | Villager (Male) |
| 4:04 | Create | Villager (Male) |
| 4:27 | Build | House |
| 4:48 | Create | Villager (Male) |
| 4:48 | Create | Villager (Male) |
| 4:49 | Create | Villager (Male) |
| 4:49 | Create | Villager (Male) |
| 5:12 | Build | Mill |
| 5:24 | Create | Villager (Male) |
| 5:24 | Create | Villager (Male) |
| 5:56 | Create | Villager (Male) |
| 5:57 | Create | Villager (Male) |
| 6:32 | Create | Villager (Male) |
| 6:53 | Build | Mill |
| 7:28 | Create | Villager (Male) |
| 8:06 | Build | Mining Camp |
| 8:35 | Research | Feudal Age |
| 10:45 | Age | Feudal Age |
| 10:47 | Create | Villager (Male) |
| 10:47 | Create | Villager (Male) |
| 10:58 | Build | Market |
| 11:05 | Build | Blacksmith |
| 12:01 | Research | Castle Age |
| 12:10 | Build | House |
| 12:12 | Build | House |
| 12:49 | Build | Mining Camp |
| 13:01 | Research | Horse Collar |
| 13:04 | Build | Farm |
| 13:06 | Build | Farm |
| 13:18 | Build | Farm |
| 13:30 | Research | Double-Bit Axe |
| 13:39 | Build | House |
| 14:24 | Build | House |
| 14:28 | Create | Villager (Male) |
| 14:41 | Age | Castle Age |
| 14:42 | Research | Bow Saw |
| 14:43 | Research | Bow Saw |
| 14:44 | Create | Villager (Male) |
| 14:54 | Build | Castle |
| 15:23 | Build | Town Center |
| 15:33 | Create | Villager (Male) |
| 16:03 | Create | Villager (Male) |
| 16:11 | Build | Siege Workshop |
| 16:26 | Build | Farm |
| 16:35 | Build | Farm |
| 16:44 | Create | Villager (Male) |
| 17:01 | Build | House |
| 17:02 | Build | House |
| 17:08 | Create | Villager (Male) |
| 17:22 | Build | Farm |
| 17:28 | Create | Villager (Male) |
| 17:29 | Create | Villager (Male) |
| 17:36 | Create | Mangonel |
| 17:42 | Build | House |
| 17:44 | Build | House |
| 17:49 | Create | Villager (Male) |
| 17:56 | Build | Lumber Camp |
| 18:04 | Create | Villager (Male) |
| 18:10 | Build | Farm |
| 18:31 | Create | Villager (Male) |
| 18:36 | Build | Farm |
| 18:44 | Create | Villager (Male) |
| 18:49 | Create | Mangonel |
| 18:54 | Build | House |
| 18:58 | Build | House |
| 19:03 | Create | Villager (Male) |
| 19:12 | Build | Farm |
| 19:17 | Build | Mill |
| 19:23 | Build | Farm |
| 19:24 | Build | Farm |
| 19:25 | Build | Farm |
| 19:34 | Research | Heavy Plow |
| 19:34 | Research | Heavy Plow |
| 19:46 | Create | Villager (Male) |
| 19:50 | Build | Farm |
| 19:55 | Create | Villager (Male) |
| 20:01 | Build | House |
| 20:02 | Build | House |
| 20:16 | Create | Villager (Male) |
| 20:16 | Create | Villager (Male) |
| 20:19 | Build | Farm |
| 20:22 | Create | Villager (Male) |
| 20:40 | Create | Villager (Male) |
| 20:43 | Build | Farm |
| 20:48 | Build | Farm |
| 21:16 | Create | Villager (Male) |
| 21:17 | Create | Villager (Male) |
| 21:21 | Research | Wheelbarrow |
| 21:21 | Research | Wheelbarrow |
| 21:29 | Build | Town Center |
| 21:33 | Build | Farm |
| 21:34 | Build | Farm |
| 21:36 | Create | Villager (Male) |
| 21:36 | Create | Villager (Male) |
| 21:38 | Create | Villager (Male) |
| 21:38 | Create | Villager (Male) |
| 21:51 | Build | Mill |
| 21:57 | Create | Villager (Male) |
| 22:00 | Create | Villager (Male) |
| 22:04 | Build | House |
| 22:05 | Build | House |
| 22:18 | Create | Villager (Male) |
| 22:18 | Create | Villager (Male) |
| 22:24 | Create | Villager (Male) |
| 22:28 | Build | Farm |
| 22:29 | Build | Farm |
| 22:31 | Build | Farm |
| 22:42 | Build | Farm |
| 22:47 | Create | Villager (Male) |
| 22:48 | Create | Villager (Male) |
| 22:59 | Create | Villager (Male) |
| 23:02 | Build | Farm |
| 23:05 | Create | Villager (Male) |
| 23:05 | Create | Villager (Male) |
| 23:08 | Create | Villager (Male) |
| 23:22 | Research | Loom |
| 23:23 | Research | Hand Cart |
| 23:36 | Build | Lumber Camp |
| 23:51 | Build | House |
| 23:56 | Create | Villager (Male) |
| 24:00 | Build | Farm |
| 24:01 | Build | Farm |
| 24:03 | Create | Villager (Male) |
| 24:07 | Create | Villager (Male) |
| 24:12 | Create | Villager (Male) |
| 24:12 | Create | Villager (Male) |
| 24:46 | Build | Mining Camp |
| 24:50 | Create | Villager (Male) |
| 24:54 | Research | Gold Mining |
Build order — c r v w l e y
First 150 of 452 actions detected
| 0:01 | Create | Villager (Male) |
| 0:01 | Create | Villager (Male) |
| 0:02 | Create | Villager (Male) |
| 0:02 | Create | Villager (Male) |
| 0:02 | Build | House |
| 0:04 | Build | House |
| 1:24 | Create | Villager (Male) |
| 1:25 | Create | Villager (Male) |
| 1:58 | Create | Villager (Male) |
| 2:00 | Build | Lumber Camp |
| 2:19 | Create | Villager (Male) |
| 2:44 | Create | Villager (Male) |
| 3:00 | Create | Villager (Male) |
| 3:32 | Create | Villager (Male) |
| 3:33 | Create | Villager (Male) |
| 3:50 | Build | House |
| 4:15 | Create | Villager (Male) |
| 4:15 | Create | Villager (Male) |
| 4:16 | Create | Villager (Male) |
| 4:18 | Build | Mill |
| 5:00 | Create | Villager (Male) |
| 5:00 | Create | Villager (Male) |
| 5:31 | Build | House |
| 5:36 | Create | Villager (Male) |
| 5:36 | Create | Villager (Male) |
| 5:57 | Build | Mill |
| 5:59 | Create | Villager (Male) |
| 6:00 | Create | Villager (Male) |
| 6:00 | Create | Villager (Male) |
| 6:00 | Create | Villager (Male) |
| 6:24 | Create | Villager (Male) |
| 6:24 | Create | Villager (Male) |
| 8:10 | Research | Feudal Age |
| 8:29 | Build | Mining Camp |
| 9:08 | Build | House |
| 10:12 | Create | Villager (Male) |
| 10:12 | Create | Villager (Male) |
| 10:35 | Age | Feudal Age |
| 10:38 | Build | Market |
| 10:40 | Build | Blacksmith |
| 11:27 | Research | Castle Age |
| 11:53 | Research | Double-Bit Axe |
| 12:40 | Build | House |
| 12:54 | Build | Farm |
| 13:04 | Build | Farm |
| 13:21 | Build | House |
| 13:25 | Build | Farm |
| 13:29 | Build | Farm |
| 13:47 | Build | Farm |
| 14:05 | Build | House |
| 14:07 | Age | Castle Age |
| 14:14 | Build | Town Center |
| 14:25 | Build | Town Center |
| 14:38 | Create | Villager (Male) |
| 14:45 | Build | Farm |
| 14:49 | Build | Farm |
| 14:56 | Build | Farm |
| 14:58 | Create | Villager (Male) |
| 15:14 | Build | House |
| 15:15 | Create | Villager (Male) |
| 15:20 | Build | Farm |
| 15:21 | Build | Farm |
| 15:21 | Build | Farm |
| 15:23 | Build | Farm |
| 15:30 | Create | Villager (Male) |
| 15:42 | Build | House |
| 15:51 | Build | Farm |
| 15:54 | Create | Villager (Male) |
| 15:58 | Create | Villager (Male) |
| 16:07 | Create | Villager (Male) |
| 16:18 | Build | Farm |
| 16:20 | Create | Villager (Male) |
| 16:24 | Build | Farm |
| 16:26 | Create | Villager (Male) |
| 16:48 | Research | Bow Saw |
| 16:48 | Create | Villager (Male) |
| 16:49 | Create | Villager (Male) |
| 16:51 | Create | Villager (Male) |
| 17:01 | Build | House |
| 17:05 | Create | Villager (Male) |
| 17:18 | Build | Barracks |
| 17:19 | Create | Villager (Male) |
| 17:19 | Create | Villager (Male) |
| 17:25 | Create | Villager (Male) |
| 17:29 | Build | Farm |
| 17:42 | Create | Villager (Male) |
| 17:42 | Create | Villager (Male) |
| 17:49 | Build | Lumber Camp |
| 17:51 | Create | Villager (Male) |
| 17:51 | Create | Villager (Male) |
| 17:59 | Create | Villager (Male) |
| 18:02 | Build | Farm |
| 18:02 | Build | Farm |
| 18:07 | Create | Villager (Male) |
| 18:09 | Build | House |
| 18:21 | Create | Villager (Male) |
| 18:21 | Create | Villager (Male) |
| 18:42 | Build | Farm |
| 18:45 | Build | House |
| 18:50 | Build | Farm |
| 18:52 | Build | Stable |
| 18:54 | Create | Villager (Male) |
| 18:55 | Create | Villager (Male) |
| 18:55 | Create | Villager (Male) |
| 18:55 | Create | Villager (Male) |
| 19:21 | Build | Town Center |
| 19:24 | Create | Villager (Male) |
| 19:25 | Create | Villager (Male) |
| 19:26 | Create | Villager (Male) |
| 19:44 | Research | Wheelbarrow |
| 19:48 | Build | House |
| 19:51 | Build | House |
| 19:52 | Build | House |
| 19:53 | Create | Villager (Male) |
| 19:53 | Create | Villager (Male) |
| 19:58 | Build | Stable |
| 20:02 | Create | Villager (Male) |
| 20:03 | Create | Villager (Male) |
| 20:09 | Build | Farm |
| 20:09 | Build | Farm |
| 20:09 | Build | Farm |
| 20:11 | Create | Villager (Male) |
| 20:35 | Build | Farm |
| 20:35 | Build | Farm |
| 20:36 | Build | Farm |
| 20:36 | Build | Farm |
| 20:36 | Build | Farm |
| 20:36 | Build | Farm |
| 20:45 | Create | Villager (Male) |
| 20:46 | Create | Villager (Male) |
| 20:59 | Build | Stable |
| 21:01 | Research | Husbandry |
| 21:02 | Create | Villager (Male) |
| 21:13 | Create | Villager (Male) |
| 21:28 | Build | Farm |
| 21:28 | Build | Farm |
| 21:29 | Build | Farm |
| 21:29 | Build | Farm |
| 21:35 | Build | House |
| 21:38 | Create | Villager (Male) |
| 21:39 | Create | Villager (Male) |
| 21:39 | Create | Villager (Male) |
| 21:39 | Create | Villager (Male) |
| 21:48 | Create | Villager (Male) |
| 21:57 | Create | Villager (Male) |
| 22:02 | Build | Farm |
| 22:03 | Build | Farm |
| 22:07 | Build | Farm |
| 22:10 | Build | Farm |
| 22:12 | Create | Villager (Male) |
Match timeline
| 10:04 | cgan13289 · first_building Barracks |
| 10:35 | c r v w l e y · age_up feudal |
| 10:45 | s.h.i.t · age_up feudal |
| 10:56 | AI (HD Version) · age_up feudal |
| 11:19 | 野蛮农民 · age_up feudal |
| 11:31 | cgan13289 · age_up feudal |
| 11:36 | My pronouns are Master/Sir/Daddy · age_up feudal |
| 11:44 | chanakya · age_up feudal |
| 12:18 | ants · age_up feudal |
| 13:07 | chanakya · first_building Barracks |
| 13:59 | cgan13289 · first_market_sell 100 stone |
| 14:07 | c r v w l e y · age_up castle |
| 14:26 | cgan13289 · first_market_buy 100 wood |
| 14:41 | s.h.i.t · age_up castle |
| 14:51 | My pronouns are Master/Sir/Daddy · age_up castle |
| 14:51 | 野蛮农民 · age_up castle |
| 14:53 | My pronouns are Master/Sir/Daddy · first_building Monastery |
| 14:54 | AI (HD Version) · age_up castle |
| 14:54 | s.h.i.t · first_building Castle |
| 14:56 | AI (HD Version) · first_building Monastery |
| 15:01 | cgan13289 · age_up castle |
| 15:07 | cgan13289 · first_building Siege Workshop |
| 15:27 | chanakya · age_up castle |
| 15:29 | My pronouns are Master/Sir/Daddy · first_market_buy 100 food |
| 16:09 | chanakya · first_building Castle |
| 16:11 | s.h.i.t · first_building Siege Workshop |
| 16:44 | c r v w l e y · first_market_buy 100 food |
| 17:04 | 野蛮农民 · first_building Monastery |
| 17:18 | c r v w l e y · first_building Barracks |
| 17:28 | ants · age_up castle |
| 17:32 | ants · first_building Siege Workshop |
| 17:53 | AI (HD Version) · first_building Siege Workshop |
| 18:52 | c r v w l e y · first_building Stable |
| 18:57 | My pronouns are Master/Sir/Daddy · first_market_sell 100 wood |
| 19:11 | 野蛮农民 · first_building Barracks |
| 19:59 | chanakya · first_building Siege Workshop |
| 20:04 | 野蛮农民 · first_building Siege Workshop |
| 20:05 | chanakya · first_market_buy 100 wood |
| 20:20 | ants · first_building Castle |
| 22:08 | AI (HD Version) · first_building Barracks |
| 23:51 | 野蛮农民 · first_building Stable |
| 23:57 | c r v w l e y · first_building Monastery |
| 25:52 | chanakya · first_building Monastery |
| 27:36 | s.h.i.t · first_building Barracks |
| 27:38 | My pronouns are Master/Sir/Daddy · first_building Castle |
| 28:01 | 野蛮农民 · first_market_sell 100 wood |
| 29:00 | c r v w l e y · first_market_sell 500 wood |
| 29:30 | s.h.i.t · first_building Archery Range |
| 29:41 | 野蛮农民 · first_building Castle |
| 29:43 | ants · first_building Barracks |
| 30:08 | AI (HD Version) · first_building Castle |
| 30:38 | s.h.i.t · first_market_sell 100 food |
| 30:41 | s.h.i.t · first_market_buy 100 wood |
| 30:44 | chanakya · first_market_sell 100 food |
| 30:46 | s.h.i.t · age_up imperial |
| 30:51 | My pronouns are Master/Sir/Daddy · first_building Barracks |
| 31:13 | 野蛮农民 · age_up imperial |
| 31:41 | My pronouns are Master/Sir/Daddy · first_building Stable |
| 32:37 | c r v w l e y · age_up imperial |
| 32:55 | ants · first_building Stable |
| 32:59 | s.h.i.t · first_building Stable |
| 33:19 | AI (HD Version) · first_market_buy 100 food |
| 33:19 | ants · age_up imperial |
| 33:32 | ants · wall_segment Stone Wall x1 |
| 33:34 | ants · wall_segment Stone Wall x6 |
| 33:51 | 野蛮农民 · first_building Archery Range |
| 34:44 | ants · first_market_sell 100 food |
| 34:57 | My pronouns are Master/Sir/Daddy · age_up imperial |
| 35:51 | chanakya · age_up imperial |
| 36:34 | AI (HD Version) · age_up imperial |
| 36:35 | cgan13289 · age_up imperial |
| 36:59 | My pronouns are Master/Sir/Daddy · wall_segment Stone Wall x12 |
| 37:11 | My pronouns are Master/Sir/Daddy · wall_segment Stone Wall x38 |
| 37:14 | c r v w l e y · first_building Castle |
| 37:17 | My pronouns are Master/Sir/Daddy · wall_segment Stone Wall x11 |
| 37:37 | cgan13289 · first_building Castle |
| 39:03 | cgan13289 · first_building Archery Range |
| 39:18 | AI (HD Version) · wall_segment Stone Wall x7 |
| 39:30 | AI (HD Version) · wall_segment Stone Wall x1 |
| 40:20 | ants · first_building Archery Range |
| 42:35 | ants · wall_segment Stone Wall x2 |
| 44:56 | c r v w l e y · resign |
[ AI ANALYSIS · 1 CREDIT ]
What really happened in this match?
Wolo.gg analyzes every decision: build order, eco, micro, common mistakes by bracket. Personalized analysis on WhatsApp or Discord in 30 seconds.
Civ guide
Vietnamese
Perfil
Jugador #12146413